 Dungeon Crawl Stone Soup version 0.26.0-16-gc1dbca0489 (webtiles) character file.

Game seed: 769951189456335964

156 pablito the Insei (level 5, 0/34 HPs)
             Began as an Octopode Transmuter on Jan 17, 2021.
             Killed from afar by an orc wizard (8 damage)
             ... with a magic dart
             ... on level 3 of the Dungeon.
             The game lasted 00:08:20 (3111 turns).

pablito the Insei (Octopode Transmuter)             Turns: 3111, Time: 00:08:21

Health: 0/34       AC:  1    Str:  9    XL:     5   Next: 37%
Magic:  3/8        EV: 17    Int: 16    God:
Gold:   153        SH:  0    Dex: 13    Spells: 2/8 levels left

rFire    + . .     SeeInvis .     - Unarmed
rCold    . . .     Faith    .   (no shield)
rNeg     . . .     Spirit   .   (helmet restricted)
rPois    .         Reflect  .   (no amulet)
rElec    .         Harm     .   l - +4 ring of evasion
rCorr    .         Rampage  .   o - ring of protection from fire
Will     .....                  (no ring)
Stlth    ++........             (no ring)
HPRegen  0.11/turn              (no ring)
MPRegen  0.11/turn              (no ring)
                                (no ring)
                                (no ring)

@: very slightly contaminated, slowed, invisible, very slow
A: almost no armour, stealthy swim, amphibious, 8 rings, constrict 8, camouflage
1, gelatinous body 1
a: no special abilities


You were on level 3 of the Dungeon.
You visited 1 branch of the dungeon, and saw 3 of its levels.

You collected 153 gold pieces.

Inventory:

Missiles
 j - 11 poisoned darts
Jewellery
 l - a +4 ring of evasion (left tentacle)
 o - a ring of protection from fire (right tentacle)
Scrolls
 f - a scroll of amnesia {unknown}
 g - a scroll of teleportation {unknown}
 h - a scroll of fog {unknown}
 i - a scroll of enchant armour {unknown}
 m - a scroll of immolation {unknown}
 n - 2 scrolls of remove curse {unknown}
 p - a scroll of fear {unknown}
 q - 3 scrolls of magic mapping {unknown}
Potions
 c - 2 potions of might
 d - a potion of cancellation {unknown}
 e - 2 potions of lignification
 k - a potion of curing {unknown}


   Skills:
 + Level 1.7 Fighting
 - Level 2.0 Dodging
 + Level 1.3 Shields
 + Level 4.3 Unarmed Combat
 - Level 2.0 Spellcasting
 + Level 3.7 Transmutations


You had 2 spell levels left.
You knew the following spells:

 Your Spells              Type           Power        Failure   Level
a - Beastly Appendage     Tmut           26%          4%          1
b - Spider Form           Tmut/Pois      3%           28%         3
c - Wereblood             Tmut           13%          7%          2

Your spell library contained the following spells:

 Spells                   Type           Power        Failure   Level
 Ice Form                 Ice/Tmut       7%           67%         4
 Blade Hands              Tmut           6%           77%         5


Dungeon Overview and Level Annotations

Branches:
Dungeon (3/15)

Altars:
The Shining One


Innate Abilities, Weirdness & Mutations

You cannot wear most types of armour.
You are very stealthy in the water. (Stealth+)
You are amphibious.
You can wear up to eight rings at the same time.
You can use your tentacles to constrict eight enemies at once.
Your skin changes colour to match your surroundings (Stealth+).
Your rubbery body absorbs attacks. (AC +1, EV +1)


Message History

Jessica gestures wildly while chanting.
Jessica struggles to blink free from constriction.
Jessica casts a spell.
Jessica blinks free!
The orc wizard points at you and mumbles some strange words.
The magic dart hits you! The orc wizard casts a spell at you.
The magic dart hits you!
You see here a rat corpse.
You fade into invisibility!
Jessica barely misses you.
Jessica points at you and mumbles some strange words.
Pain shoots through your body!
* * * LOW HITPOINT WARNING * * *
The orc wizard points at Jessica and mumbles some strange words.
The magic dart hits Jessica!
Jessica dies!
The orc wizard casts a spell at something.
The magic dart hits you!
You die...

#.....................
##..................##
#.####.#..#.......... #.#
#.#.#########... #.#
#.#...........## #.#
#.#............#
.#####.####.#.#########..#
#..........#.#.# #..#
#######.##@#.#.#########..#
#.<#.#<.............#
#..#.#.#.##########.#
#..#o#.#.# ..# ...#)#.#.#
#.# ##.#.#.#.# #†#...#
######)#####
...?.......####


You could see an orc wizard (fast).

Vanquished Creatures
  An orc wizard (D:3)
  An ooze (D:2)
  2 worms
  6 dart slugs
  3 leopard geckos
  2 orcs (D:3)
  7 giant cockroaches
  12 goblins
  9 hobgoblins
  16 jackals
  5 kobolds
  2 quokkas (D:3)
  A ball python (D:2)
  7 bats
  2 frilled lizards
  4 rats
80 creatures vanquished.

Vanquished Creatures (others)
  Jessica (D:3)
  A bat (D:3)
2 creatures vanquished.

Grand Total: 82 creatures vanquished

Notes
Turn   | Place    | Note
-------+----------+-------------------------------------------
     0 | D:1      | pablito the Octopode Transmuter began the quest for the
                  | Orb.
     0 | D:1      | Reached XP level 1. HP: 13/13 MP: 3/3
   453 | D:1      | Reached XP level 2. HP: 18/18 MP: 3/5
   786 | D:1      | Reached XP level 3. HP: 23/23 MP: 3/6
  1153 | D:2      | Learned a level 3 spell: Spider Form
  1156 | D:2      | Learned a level 2 spell: Wereblood
  1514 | D:2      | Reached XP level 4. HP: 25/28 MP: 3/7
  1522 | D:2      | Reached skill level 4 in Unarmed Combat
  1712 | D:2      | Found a glowing golden altar of the Shining One.
  1773 | D:2      | Found a faded altar of an unknown god.
  2923 | D:3      | Reached skill level 1 in Shields
  3072 | D:3      | Noticed Jessica
  3091 | D:3      | Reached XP level 5. HP: 22/33 MP: 3/8
  3097 | D:3      | HP: 1/33 [orc wizard/magic dart (7)]
  3108 | D:3      | Killed Jessica
  3111 | D:3      | Killed from afar by an orc wizard

Illustrated notes

Levels and vault maps discovered:
D:1:      roderic_octagonal_star, layout_basic, st_stairs_2
D:2:      layout_rooms, chequers_ecumenical_altar_simple_redux,
          nicolae_tso_swordbearing_angel
D:3:      layout_basic, nicolae_overflow_hidden_temple, uniq_jessica

Skill      XL: |  1  2  3  4 |
---------------+-------------+-----
Transmutations | 3 |  3.7
Unarmed Combat | 4 |  4.3
Shields        | 1 |  1.3
Fighting       | |  1.7
Dodging        | |  2.0
Spellcasting   | |  2.0

Action                   |  1- 3 |  4- 6 || total
-------------------------+-------+-------++-------
Melee: Unarmed           |    75 |    92 ||   167
       Constrict         |    23 |    15 ||    38
       Kick              |    10 |    13 ||    23
       Tentacles         |    13 |    11 ||    24
       Punch             |     3 |       ||     3
 Cast: Beastly Appendage |    20 |    13 ||    33
       Spider Form       |     3 |     7 ||    10
  Use: Scroll            |       |     4 ||     4
       Potion            |       |     2 ||     2
 Stab: Sleeping          |     3 |     1 ||     4
Armor: Skin              |     4 |     6 ||    10
Dodge: Dodged            |    49 |    87 ||   136
